 Dungeon Sprint DCSS version 0.30-a0-777-ga9a30cbeda (webtiles) character file.

Game seed: 15665556861475333012

551 sircluck the Fighter (level 7, -6/72 HPs)
             Began as a Hill Orc Fighter on Feb 13, 2023.
             Mangled by an orc warrior
             ... wielding a +0 halberd
              (12 damage)
             ... while paralysed by a floating eye
             ... in the Dungeon (Sprint VII: "The Pits").
             The game lasted 00:01:49 (360 turns).

sircluck the Fighter (Hill Orc Fighter)              Turns: 360, Time: 00:01:50

Health: -6/72      AC:  8    Str: 21    XL:     7   Next: 29%
Magic:  7/7        EV:  2    Int:  8    God:
Gold:   0          SH:  0    Dex: 10    Spells: 6/6 levels left

rFire   . . .      SeeInvis .    n - +2 hand axe
rCold   . . .      Faith    .    c - +0 buckler
rNeg    . . .      Spirit   .    b - +0 scale mail
rPois   .          Reflect  .    (no helmet)
rElec   .          Harm     .    (no cloak)
rCorr   .          Rampage  .    (no gloves)
Will    .....      NoTele   +    (no boots) Stlth
                                 (no amulet)
HPRegen 0.32/turn                (no ring)
MPRegen 0.10/turn                (no ring)

@: paralysed, hasted
A: no striking features
a: no special abilities


You were in the Dungeon.
You visited 1 branch

Inventory:

Hand Weapons
 a - a +0 war axe
 m - a +1 hand axe of freezing
 n - a +2 hand axe (weapon)
Missiles
 r - 10 stones (quivered)
Armour
 b - a +0 scale mail (worn)
 c - a +0 buckler (worn)
 k - a +3 chain mail
 l - a +2 plate armour
Scrolls
 j - a scroll of blinking
 p - 5 scrolls of amnesia
 q - a scroll of butterflies
 s - 2 scrolls of vulnerability
Potions
 d - a potion of might
 e - 6 potions of curing
 f - a potion of heal wounds
 h - 4 potions of magic
 i - 3 potions of berserk rage
 o - 2 potions of invisibility


   Skills:
 + Level 10.0 Fighting
 + Level 9.6 Axes
 + Level 9.6 Armour
 + Level 1.0 Dodging
 + Level 8.6 Shields


You had 6 spell levels left.
You didn't know any spells.
Your spell library was empty.

Dungeon Overview and Level Annotations

Branches:
Dungeon (1/1)

Altars:
Ashenzari
Cheibriados
Dithmenos
Elyvilon
Fedhas
Gozag
Hepliaklqana
Kikubaaqudgha
Makhleb
Nemelex Xobeh
Okawaru
Qazlal
Ru
Sif Muna
Trog
Uskayaw
Vehumet
Wu Jian
Xom
Yredelemnul
Zin
The Shining One
Beogh
Jiyva
Lugonu


Message History

You are too injured to fight recklessly!
You are too injured to fight recklessly!
You are too injured to fight recklessly!
You are too injured to fight recklessly!
You are too injured to fight recklessly!
You barely miss the flying skull.
The flying skull is heavily damaged.
The orc warrior hits you from afar with a +0 halberd.
The flying skull hits you.
You hit the flying skull.
The flying skull is heavily damaged.
The flying skull hits you but does no damage.
The orc warrior hits you from afar with a +0 halberd!!
* * * LOW HITPOINT WARNING * * *
The floating eye's stare focuses on you.
You slash the flying skull!
You destroy the flying skull!
Your Fighting skill increases to level 10!
Your Axes skill increases to level 9!
Your Dodging skill increases to level 1!
You have reached level 7!
You feel much better.
The orc warrior hits you from afar with a +0 halberd!
* * * LOW HITPOINT WARNING * * *
The floating eye gazes piercingly through you!
You suddenly lose the ability to move!
The frilled lizard hisses.
The orc hits you but does no damage.
The floating eye's stare focuses on you.
The orc warrior hits you from afar with a +0 halberd!
* * * LOW HITPOINT WARNING * * *
The orc hits you but does no damage.
The orc warrior hits you from afar with a +0 halberd!
* * * LOW HITPOINT WARNING * * *
The floating eye gazes piercingly through you!
You shrug off the repeated paralysis!
The orc hits you but does no damage.
The orc warrior hits you but does no damage.
The orc warrior hits you from afar with a +0 halberd!
You die...

#'#####'#####.....
#.#..#)÷#..##.....
#.#..'..#.)#####'#
#.#..####))##.....
#.#..#..#))##.....
#.#†.#..#..##.....
#.##†#..#'###...<.
#.#........##.....
#@#........##.....
#o###########.....
#loh....# ######
#Z......#
#G..#...# #..##
..# #... .# #... #
#....


You could see an orc warrior, a floating eye, an orc, a frilled lizard and an
adder skeleton.

Vanquished Creatures
  A flying skull (D)
  3 floating eyes (D)
  A scorpion (D)
  An orc wizard (D)
  A river rat (D)
  An endoplasm (D)
  A hobgoblin (D)
  4 jackals (D)
  A kobold (D)
  A rat (D)
15 creatures vanquished.

Notes
Turn   | Place    | Note
-------+----------+-------------------------------------------
     0 | D        | sircluck the Hill Orc Fighter began the quest for the Orb.
     0 | D        | Reached XP level 1. HP: 19/19 MP: 1/1
    11 | D        | Noticed a floating eye
    15 | D        | Killed a floating eye
    16 | D        | Reached skill level 6 in Fighting
    16 | D        | Reached XP level 2. HP: 31/31 MP: 2/2
    16 | D        | Reached XP level 3. HP: 38/38 MP: 3/3
    16 | D        | Reached XP level 4. HP: 45/45 MP: 4/4
    30 | D        | Noticed a scorpion
    34 | D        | Killed a scorpion
    35 | D        | Reached skill level 7 in Fighting
    35 | D        | Reached skill level 5 in Axes
    35 | D        | Reached XP level 5. HP: 33/53 MP: 5/5
    40 | D        | Noticed a floating eye
    43 | D        | Killed a floating eye
    44 | D        | Reached skill level 8 in Fighting
    44 | D        | Reached XP level 6. HP: 19/62 MP: 6/6
   189 | D        | Noticed a floating eye
   191 | D        | Paralysed by a floating eye for 4 turns
   198 | D        | Paralysed by a floating eye for 3 turns
   202 | D        | Killed a floating eye
   203 | D        | Reached skill level 9 in Fighting
   248 | D        | Found a bloodstained altar of Trog.
   248 | D        | Found a shimmering blue altar of Sif Muna.
   248 | D        | Found a viscous altar of Jiyva.
   248 | D        | Found a hazy altar of Hepliaklqana.
   248 | D        | Found an opulent altar of Gozag.
   249 | D        | Found a glowing golden altar of the Shining One.
   249 | D        | Found a glowing silver altar of Zin.
   249 | D        | Found a basalt altar of Yredelemnul.
   249 | D        | Found a shimmering altar of Xom.
   249 | D        | Found an ornate altar of the Wu Jian Council.
   249 | D        | Found a sacrificial altar of Ru.
   249 | D        | Found a stormy altar of Qazlal.
   249 | D        | Found an iron altar of Okawaru.
   249 | D        | Found a sparkling altar of Nemelex Xobeh.
   249 | D        | Found a burning altar of Makhleb.
   249 | D        | Found a blossoming altar of Fedhas.
   249 | D        | Found a white marble altar of Elyvilon.
   249 | D        | Found a shadowy altar of Dithmenos.
   249 | D        | Found a snail-covered altar of Cheibriados.
   282 | D        | Found a radiant altar of Vehumet.
   282 | D        | Found a corrupted altar of Lugonu.
   282 | D        | Found a roughly hewn altar of Beogh.
   283 | D        | Found an ancient bone altar of Kikubaaqudgha.
   283 | D        | Found a hide-covered altar of Uskayaw.
   283 | D        | Found a broken altar of Ashenzari.
   319 | D        | Noticed an orc warrior
   319 | D        | Noticed a warg
   319 | D        | Noticed a flying skull
   320 | D        | Noticed a floating eye
   325 | D        | Paralysed by a floating eye for 4 turns
   334 | D        | Paralysed by a floating eye for 2 turns
   342 | D        | Paralysed by a floating eye for 2 turns
   354 | D        | HP: 1/64 [orc warrior/+0 halberd (20)]
   355 | D        | Killed a flying skull
   356 | D        | Reached skill level 10 in Fighting
   356 | D        | Reached skill level 1 in Dodging
   356 | D        | Reached XP level 7. HP: 2/72 MP: 7/7
   356 | D        | Paralysed by a floating eye for 4 turns
   360 | D        | Mangled by an orc warrior

Illustrated notes

Levels and vault maps discovered:
D:        pitsprint [storerooms_1, entrance_room_1, metal_vault_4, armoury_1,
          mini_pit_1, grid_room_1, main_hall_1, silver_pit, the_coven_3,
          the_vestibule_1, steel_vault_5, golden_pit, hallway_of_sentries,
          crystal_vault_1, iron_vault_4, final_vault]

Skill      XL: |  1  2  3  4  5  6 |
---------------+-------------------+-----
Fighting       | 6 7 8 10 | 10.0
Axes           | 4 5 6 9 |  9.6
Armour         | 6 7 8 9 |  9.6
Shields        | 6 7 8 |  8.6
Dodging        | 1 |  1.0

Action                     |  1- 3 |  4- 6 |  7- 9 || total
---------------------------+-------+-------+-------++-------
  Melee: War axe           |     3 |    25 |       ||    28
         Hand axe          |       |    22 |       ||    22
    Use: Potion            |       |     5 |     1 ||     6
 Armour: Scale mail        |       |    19 |     4 ||    23
  Dodge: Dodged            |       |    20 |       ||    20
  Block: Buckler           |       |     7 |       ||     7

Table legend: (Time is in decaauts)
 A = Elapsed time spent in this place.
 B = Non-inter-level travel time spent in this place.
 C = Inter-level travel time spent in this place.
 D = Time resting spent in this place.
 E = Time spent auto-exploring this place.
 F = Levels seen in this place.
 G = Mean time per level.
                   A        B        C        D        E       F      G
               +--------+--------+--------+--------+--------+-----+--------+
         Total |    358 |    301 |     57 |    139 |      0 |   1 |  358.0 |
       Dungeon |    358 |    301 |     57 |    139 |      0 |   1 |  358.0 |
               +--------+--------+--------+--------+--------+-----+--------+

Top non-repeatable levels by time:
       D: 358 daAuts
